 Dungeon Crawl Stone Soup version 0.25-a0-340-ga1faa1601d (webtiles) character file.

Game seed: 4961434015810626212, levelgen mode: classic

6374 Borgoz the Carver (level 10, -18/66 HPs)
             Began as a Gargoyle Fighter on Dec 29, 2019.
             Was a Follower of Ashenzari.
             Demolished by a large slime creature (24 damage)
             ... on level 10 of the Dungeon on Dec 30, 2019.
             The game lasted 00:14:03 (8766 turns).

Borgoz the Carver (Gargoyle Fighter)                Turns: 8766, Time: 00:14:05

Health: -18/66     AC: 26    Str: 23    XL:     10   Next: 97%
Magic:  10/10      EV:  5    Int: 11    God:    Ashenzari [*.....]
Gold:   566        SH: 10    Dex: 16    Spells: 9/9 levels left

rFire    + + .     SeeInvis .   D - +5 morningstar of a wizard's laboratory {crush, rF+ Int+2} (curse)
rCold    . . .     Gourm    .   c - +0 shield
rNeg     + . .     Faith    .   g - +0 plate armour
rPois    ∞         Spirit   .   (no helmet)
rElec    +         Reflect  .   C - +0 cloak of Wrong Decisions {rElec rPois Str+2} (curse)
rCorr    .         Harm     +   (no gloves)
MR       .....                  n - +2 pair of boots {run} (curse)
Stlth    ..........             x - amulet of harm
HPRegen  0.21/turn              r - +5 ring of dexterity
MPRegen  0.12/turn              s - ring of protection from fire

@: quick
A: negative energy resistance 1, electricity resistance, unbreathing,
petrification resistance, rot immunity, AC +7
a: Curse Item, Scrying, Renounce Religion


You were on level 10 of the Dungeon.
You worshipped Ashenzari.
Ashenzari was aware of your devotion.
You were not hungry.

You visited 2 branches of the dungeon, and saw 11 of its levels.

You collected 566 gold pieces.

Inventory:

Hand Weapons
 a - a +0 long sword
 D - the cursed +5 morningstar of a wizard's laboratory (weapon) {crush, rF+ Int+2}
   (You found it on level 6 of the Dungeon)

   It inflicts extra damage upon your enemies.
   It affects your intelligence (+2).
   It protects you from fire.
   It has a curse placed upon it.
Armour
 c - a +0 shield (worn)
 g - a +0 plate armour (worn)
 n - a cursed +2 pair of boots of running (worn)
 C - the cursed +0 cloak of Wrong Decisions (worn) {rElec rPois Str+2}
   (You found it on level 5 of the Dungeon)

   It affects your strength (+2).
   It insulates you from electricity.
   It protects you from poison.
   It has a curse placed upon it.
Jewellery
 e - an uncursed ring of protection from cold
 r - a +5 ring of dexterity (left hand)
 s - a ring of protection from fire (right hand)
 x - an amulet of harm (around neck)
Wands
 d - a wand of paralysis (9)
 v - a wand of digging (2)
 B - a wand of iceblast (8)
 H - a wand of polymorph (11)
Scrolls
 i - 4 scrolls of remove curse
 l - a scroll of random uselessness {unknown}
 o - 7 scrolls of teleportation {unknown}
 q - 3 scrolls of fear {unknown}
 t - a scroll of noise {unknown}
 u - a scroll of immolation {unknown}
 w - a scroll of enchant armour
 y - 4 scrolls of blinking {unknown}
 z - a scroll of enchant weapon {unknown}
 E - a scroll of vulnerability {unknown}
 F - a scroll of magic mapping {unknown}
 G - a scroll of amnesia {unknown}
Potions
 b - 2 potions of lignification {unknown}
 h - a potion of magic
 j - 2 potions of heal wounds {unknown}
 k - a potion of cancellation
 m - 2 potions of flight {unknown}
 p - 2 potions of curing
 A - 3 potions of brilliance
 I - 2 potions of agility
 K - a potion of mutation {unknown}
Comestibles
 f - 21 rations


   Skills:
 + Level 9.1 Fighting
 * Level 9.3 Long Blades
 - Level 5.5 Maces & Flails
 + Level 9.2 Armour
 - Level 5.0 Shields


You had 9 spell levels left.
You didn't know any spells.
Your spell library contained the following spells:

 Spells                   Type           Power        Failure   Level  Hunger
 Corona                   Hex            #......      100%        1    ##.....
 Magic Dart               Conj           #...         100%        1    ##.....
 Corpse Rot               Necr/Air       N/A          100%        2    ###....
 Ensorcelled Hibernation  Hex/Ice        #.....       100%        2    ###....
 Searing Ray              Conj           #.....       100%        2    ###....
 Confuse                  Hex            #.......     100%        3    ####...
 Dazzling Flash           Conj/Hex       #.....       100%        3    ####...
 Tukima's Dance           Hex            #.......     100%        3    ####...
 Fulminant Prism          Conj/Hex       #.........   100%        4    #####..
 Iskenderun's Mystic Bla  Conj/Tloc      #.......     100%        4    #####..
 Agony                    Necr           #.......     100%        5    ######.
 Dispel Undead            Necr           #.......     100%        5    ######.
 Excruciating Wounds      Chrm/Necr      #.........   100%        5    ######.
 Sublimation of Blood     Necr           Unusable     N/A         2    N/A

Dungeon Overview and Level Annotations

Branches:
Dungeon (10/15)            Temple (1/1) D:6             Orc (0/2) D:9
   Lair: D:8-11

Altars:
Ashenzari
Cheibriados
Dithmenos
Elyvilon
Fedhas
Gozag
Hepliaklqana
Kikubaaqudgha
Makhleb
Nemelex Xobeh
Okawaru
Qazlal
Ru
Sif Muna
Trog
Uskayaw
Vehumet
Wu Jian
Xom
Yredelemnul
Zin
The Shining One

Shops:
D:6 %

Annotations:
D:4 Ijyb
D:6 2 transporters


Innate Abilities, Weirdness & Mutations

You are resistant to torment.
Your stone body is resilient. (AC +7)
You are immune to poison.
You resist negative energy. (rN+)
You are resistant to electric shocks. (rElec)
You can survive without breathing.
You are immune to petrification.
You are immune to rotting.


Message History

You bludgeon the large slime creature!!
The large slime creature is moderately wounded.
The large slime creature hits you but does no damage.
You block the slime creature's attack.
You impale the large slime creature!!
The large slime creature is heavily wounded.
The large slime creature hits you! You block the slime creature's attack.
The large slime creature hits you but does no damage.
Your plate armour prevents you from hitting the large slime creature.
The large slime creature is heavily wounded.
You block the slime creature's attack. The large slime creature hits you.
You block the slime creature's attack.
You hit the large slime creature.
The large slime creature is severely wounded.
The large slime creature hits you!!
* * * LOW HITPOINT WARNING * * *
The slime creature hits you.
* * * LOW HITPOINT WARNING * * *
The large slime creature hits you!!
You die...

.###.##
##....(#.......
.....#
#.............
.....# ##....##.. .
......# #...## ..
......# ##..## ...
.##....###...# ..#
####.........##
##..#
#...#####..###J...#
.....# ##...@J# #
#...### #....##
.....#.# ...####..
.. ##.# . .. .#.


You could see a large slime creature and a slime creature.

Vanquished Creatures
  3 two-headed ogres
  A slime creature (D:10)
  A hippogriff (D:7)
  A human (D:7)
  4 hogs (D:7)
  3 orc warriors
  2 sky beasts
  A black bear (D:8)
  A phantom (D:6)
  2 ogres
  2 centaurs
  7 big kobolds
  4 bullfrogs
  3 scorpions
  2 howler monkeys (D:5)
  7 crimson imps
  2 jellies
  2 centaur skeletons
  A hound (D:7)
  9 orc priests
  13 orc wizards
  Terence (D:2)
  2 iguanas
  3 worker ants
  A hound skeleton (D:4)
  A howler monkey zombie (D:8)
  3 gnolls (D:5)
  7 adders
  3 shadow imps
  2 oozes (D:3)
  2 adder skeletons
  An adder zombie (D:6)
  A worm (D:3)
  2 dart slugs (D:1)
  4 leopard geckos
  37 orcs
  5 ball pythons
  9 giant cockroaches
  6 goblins
  15 hobgoblins
  8 jackals (D:5)
  48 kobolds
  3 quokkas
  5 bats
  7 frilled lizards
  A leopard gecko skeleton (D:4)
  A quokka skeleton (D:4)
  A quokka zombie (D:9)
  8 rats
258 creatures vanquished.

Notes
Turn   | Place    | Note
-------+----------+-------------------------------------------
     0 | D:1      | Borgoz the Gargoyle Fighter began the quest for the Orb.
     0 | D:1      | Reached XP level 1. HP: 14/14 MP: 1/1
    53 | D:1      | Reached XP level 2. HP: 19/19 MP: 2/2
   651 | D:1      | Reached XP level 3. HP: 23/23 MP: 3/3
   943 | D:2      | Noticed Terence
   964 | D:2      | Killed Terence
   964 | D:2      | Reached XP level 4. HP: 21/29 MP: 4/4
  1669 | D:2      | Identified a +2 pair of boots of running (You found it on
                  | level 2 of the Dungeon)
  1810 | D:2      | Reached XP level 5. HP: 8/33 MP: 5/5
  2449 | D:3      | Reached XP level 6. HP: 36/38 MP: 6/6
  2900 | D:4      | Noticed Ijyb
  2927 | D:5      | Entered Level 5 of the Dungeon
  3200 | D:5      | Reached XP level 7. HP: 20/44 MP: 7/7
  3593 | D:5      | Reached skill level 5 in Armour
  3604 | D:5      | Reached skill level 5 in Fighting
  3604 | D:5      | Reached skill level 5 in Long Blades
  3604 | D:5      | Reached skill level 5 in Shields
  4348 | D:5      | Got a jewelled cloak
  4360 | D:5      | Identified the cursed +0 cloak of Wrong Decisions {rElec
                  | rPois Str+2} (You found it on level 5 of the Dungeon)
  4511 | D:5      | Reached XP level 8. HP: 49/50 MP: 8/8
  5443 | D:6      | Found a transporter.
  5456 | D:6      | Found Coqyaser's Food Boutique.
  5470 | D:6      | Reached XP level 9. HP: 56/56 MP: 9/9
  5556 | D:6      | Got a crystal morningstar
  5557 | D:6      | Identified the +5 morningstar of a wizard's laboratory
                  | {crush, rF+ Int+2} (You found it on level 6 of the Dungeon)
  5685 | D:6      | Reached skill level 1 in Maces & Flails
  5727 | D:6      | Found a staircase to the Ecumenical Temple.
  5733 | D:6      | Found an ancient bone altar of Kikubaaqudgha.
  5745 | Temple   | Entered the Ecumenical Temple
  5856 | Temple   | Became a worshipper of Ashenzari the Shackled
  5938 | D:6      | Found a transporter.
  6010 | D:7      | Found a shimmering blue altar of Sif Muna.
  6014 | D:7      | Found an opulent altar of Gozag.
  6754 | D:8      | Reached * piety under Ashenzari
  6757 | D:8      | Noticed a two-headed ogre
  6765 | D:8      | Killed a two-headed ogre
  6765 | D:8      | Reached skill level 5 in Maces & Flails
  6765 | D:8      | Reached XP level 10. HP: 64/64 MP: 10/10
  6775 | D:8      | Noticed a two-headed ogre
  6780 | D:8      | Killed a two-headed ogre
  7361 | D:8      | Found a shimmering altar of Xom.
  7422 | D:8      | Found a burning altar of Makhleb.
  7540 | D:8      | Found a shimmering blue altar of Sif Muna.
  7581 | D:8      | Found a basalt altar of Yredelemnul.
  7588 | D:8      | Found a sacrificial altar of Ru.
  8273 | D:9      | Found a staircase to the Orcish Mines.
  8306 | D:9      | Noticed a two-headed ogre
  8315 | D:9      | Killed a two-headed ogre
  8652 | D:10     | Entered Level 10 of the Dungeon
  8766 | D:10     | Demolished by a large slime creature

Levels and vault maps discovered:
D:1:      saegor_arrival_simple_b, layout_loops_cross
D:2:      layout_basic, first_ration, uniq_terence
D:3:      layout_rooms
D:4:      layout_cave_pods, uniq_ijyb, uniq_eustachio
D:5:      minmay_goblin_kobold_castle, layout_loops_corners,
          palyth_stone_intersect
D:6:      gammafunk_cloud_chamber, layout_rooms, kennysheep_mini,
          minmay_temple_entry_butterflies, serial_shops,
          nicolae_shop_statue_plus, grunt_ministairs_10
D:7:      minmay_octagon_keep, layout_basic, minitemple, grunt_livestock
D:8:      layout_basic, nicolae_overflow_quartered_altars, lemuel_blue_sif_altar
D:9:      layout_cave_pools, orc_0_dummy
D:10:     layout_layer_cave, gammafunk_ghost_arena, uniq_erolcha
Temple:   regret_index_temple_waves

Skill      XL: |  1  2  3  4  5  6  7  8  9 10 |
---------------+-------------------------------+-----
Long Blades    | 2 3 4 5 7 9 |  9.3
Armour         | 4 5 6 8 9 |  9.2
Fighting       | 4 5 6 8 9 |  9.1
Shields        | 4 5 |  5.0
Maces & Flails | 5 |  5.5

Action                   |  1- 3 |  4- 6 |  7- 9 | 10-12 || total
-------------------------+-------+-------+-------+-------++-------
Melee: Long sword        |   142 |   431 |   486 |       ||  1059
       Morningstar       |       |       |   100 |   133 ||   233
Invok: Curse Item        |       |       |     2 |       ||     2
Evoke: Wand              |       |       |     2 |       ||     2
  Use: Scroll            |       |       |     7 |     2 ||     9
       Potion            |       |       |     2 |     4 ||     6
 Stab: Paralysed         |       |       |     4 |       ||     4
  Eat: Chunk             |       |     8 |    13 |     6 ||    27
Armor: Scale mail        |    28 |       |       |       ||    28
       Plate armour      |    78 |   271 |   552 |   109 ||  1010
Dodge: Dodged            |    30 |    72 |   140 |    30 ||   272
Block: Shield            |    84 |   227 |   388 |    82 ||   781
       Rpst.: Long sword |     7 |    15 |    34 |       ||    56

Table legend:
 A = Non-vault XP
 B = Vault XP
 C = Vault XP percentage of total XP
 D = Non-vault monster count
 E = Vault monster count
 F = Vault count percentage of total count
                 A         B        C        D         E       F
            +---------+---------+-------+---------+---------+-------
      Total |    7201 |    1905 |  20.9 |     202 |      56 |  21.7
            +---------+---------+-------+---------+---------+-------
        D:1 |      45 |       0 |   0.0 |      25 |       0 |   0.0
        D:2 |      64 |      36 |  36.0 |      22 |       1 |   4.3
        D:3 |     197 |       0 |   0.0 |      28 |       0 |   0.0
        D:4 |     145 |       0 |   0.0 |      12 |       0 |   0.0
        D:5 |    1081 |     688 |  38.9 |      48 |      45 |  48.4
        D:6 |     491 |      50 |   9.2 |      17 |       1 |   5.6
        D:7 |     427 |    1131 |  72.6 |       5 |       9 |  64.3
        D:8 |    2747 |       0 |   0.0 |      26 |       0 |   0.0
        D:9 |    1730 |       0 |   0.0 |      18 |       0 |   0.0
       D:10 |     274 |       0 |   0.0 |       1 |       0 |   0.0
            +---------+---------+-------+---------+---------+-------
